Map: 国王藏宝地-天梯版

Players

Drager

  • Race: Protoss Protoss
  • League: Diamond

Elazer - Winner!

  • Race: Zerg Zerg

Event: WESG 2018 Grand Finals

VOD

Have the link to the VOD?

Description

Time

  • Played on: March 11, 2019, 5:28 a.m.
  • Length: 6:14

All games in this series

Show
View Real Time Build Order
Export as new Build Order

Drager Protoss 

Build Orders: 1 Gate Expand, Phoenix Opening 

Get SALT Encoding   

  12  0:00  Probe  
  13  0:13  Probe  
  14  0:18  Pylon  
  14  0:24  Probe  
  15  0:32  Probe  
  15  0:39  Gateway  
  15  0:40  Probe  
  16  0:48  Assimilator  
  17  0:51  Probe  
  18  1:03  Probe  
  19  1:15  Probe  
  20  1:26  Nexus  
  20  1:36  Cybernetics Core  
  20  1:39  Probe  
  21  1:44  Assimilator  
  21  1:51  Probe  
  22  1:55  Pylon  
  22  2:03  Adept, Probe  
  23  2:15  Probe  
  26  2:21  Stargate  
  26  2:27  Probe  
  26  2:29  Adept  
  27  2:32  Warp Gate  
  27  2:37  Probe  
  27  2:39  Probe  
  31  2:45  Probe  
  32  2:51  Probe  
  32  2:53  Probe  
  34  3:03  Probe  
  35  3:05  Probe  
  35  3:08  Phoenix  
  36  3:15  Probe  
  36  3:17  Probe  
  40  3:27  Probe  
  40  3:28  Robotics Facility  
  40  3:30  Probe  
  42  3:34  Gateway  
  42  3:40  Twilight Council  
  43  3:47  Pylon  
  42  3:53  Charge  
  42  3:57  Pylon  
  42  4:05  Warp Prism  
  42  4:08  Gateway  
  42  4:09  Gateway  
  42  4:11  Gateway  
  44  4:23  Gateway  
  44  4:24  Gateway  
  44  4:25  Gateway  
  44  4:30  Zealot x2  
  48  4:42  Pylon  
  48  4:44  Pylon  
  48  4:50  Pylon  
  48  4:51  Zealot x2  
  52  5:03  Pylon  
  52  5:09  Pylon  
  52  5:20  Zealot x7  
  66  5:22  Zealot  
  68  5:47  Zealot x7  
  72  6:10  Zealot x6  
Show
View Real Time Build Order
Export as new Build Order

Elazer Zerg - Winner!

Build Orders: Hatch First 

Get SALT Encoding   

  12  0:00  Drone  
  13  0:12  Overlord  
  13  0:17  Drone  
  14  0:30  Drone x2  
  16  0:48  Hatchery  
  15  0:52  Drone  
  15  0:55  Drone  
  17  0:59  Drone  
  18  1:08  Extractor  
  17  1:14  Spawning Pool  
  17  1:17  Drone  
  17  1:21  Drone  
  18  1:30  Drone  
  19  1:39  Drone  
  20  1:49  Drone  
  21  2:00  Overlord  
  21  2:01  Queen x2, Zergling x2  
  26  2:11  Drone  
  26  2:12  Zergling x2  
  28  2:21  Drone  
  28  2:22  Drone  
  30  2:32  Drone  
  30  2:33  Drone  
  30  2:36  Hatchery  
  31  2:42  Queen  
  33  2:48  Overlord  
  33  2:51  Drone  
  34  2:54  Drone  
  34  2:55  Drone  
  36  3:09  Drone  
  36  3:12  Overlord  
  37  3:13  Drone x2  
  37  3:14  Drone x3  
  37  3:19  Queen  
  44  3:31  Drone x5  
  49  3:37  Overlord  
  49  3:40  Spore Crawler  
  48  3:42  Spore Crawler, Drone  
  48  3:43  Drone x2  
  48  3:45  Drone  
  48  3:48  Overlord  
  51  3:54  Drone  
  51  3:55  Drone x2  
  54  3:59  Spore Crawler  
  54  4:01  Queen  
  55  4:04  Drone  
  55  4:05  Drone  
  55  4:07  Drone  
  58  4:11  Overlord  
  58  4:12  Drone  
  58  4:15  Drone x2  
  62  4:17  Drone  
  62  4:21  Overlord  
  62  4:27  Drone x2  
  62  4:28  Roach Warren, Drone  
  62  4:30  Drone  
  65  4:37  Overlord, Extractor  
  65  4:38  Drone x3, Extractor  
  66  4:40  Overlord  
  66  4:44  Lair  
  67  4:45  Drone  
  67  4:47  Drone  
  67  4:49  Overlord  
  68  4:53  Overlord  
  68  4:56  Drone x4  
  72  5:02  Overlord, Evolution Chamber  
  70  5:16  Roach x7  
  70  5:19  Queen  
  70  5:20  Overlord  
  86  5:25  Overlord  
  86  5:26  Roach x2  
  90  5:30  Roach x2  
  94  5:37  Roach  
  94  5:39  Roach x2  
  100  5:44  Roach  
  100  5:47  Roach x3  
  108  5:54  Roach x3  
Tags
 
Add a new tag
Caveats
  • Supply blocks, unpowered buildings, or Contaminate may cause inaccurate times.
  • Supply counts are checked every 10 seconds.